Map: Abyssal Reef LE

Players

Elazer

  • Race: Zerg Zerg
  • League: Master
  • Spawn Location: 5:00

Serral - Winner!

  • Race: Zerg Zerg
  • League: Grandmaster
  • Spawn Location: 11:00

Event: WESG Barcelona European Finals 2017

VOD

Have the link to the VOD?

Description

Time

  • Played on: Nov. 26, 2017, 8:53 a.m.
  • Length: 14:21

All games in this series

Show
View Real Time Build Order
Export as new Build Order

Elazer Zerg 

Build Orders: Hatch First, Lurkers 

Get SALT Encoding   

  12  0:00  Drone  
  13  0:12  Overlord  
  13  0:16  Drone  
  14  0:30  Drone x2  
  16  0:48  Hatchery  
  15  0:51  Drone  
  15  0:54  Drone  
  17  0:58  Drone  
  18  1:07  Extractor  
  17  1:13  Spawning Pool  
  17  1:17  Drone  
  17  1:20  Drone  
  18  1:27  Drone  
  19  2:00  Zergling x8, Queen  
  19  2:01  Queen  
  27  2:11  Zergling x2  
  27  2:21  Zergling x2  
  25  2:31  Drone  
  25  2:33  Drone  
  25  2:34  Drone  
  28  2:48  Overlord  
  28  3:01  Hatchery  
  28  3:03  Drone  
  28  3:10  Drone x3  
  31  3:14  Drone  
  31  3:17  Drone  
  31  3:19  Drone  
  34  3:23  Drone  
  34  3:24  Drone  
  36  3:31  Overlord  
  35  3:35  Extractor  
  35  3:37  Extractor  
  35  3:40  Overlord  
  33  3:50  Drone x2  
  33  3:52  Drone  
  36  3:58  Drone x6  
  36  3:59  Drone  
  43  4:09  Overlord  
  43  4:12  Queen  
  43  4:13  Drone  
  43  4:15  Drone  
  47  4:20  Drone  
  47  4:21  Drone  
  47  4:22  Drone  
  50  4:24  Overlord  
  49  4:34  Lair, Overlord  
  49  4:37  Drone  
  50  4:41  Drone, Evolution Chamber  
  50  4:45  Drone x2  
  51  4:47  Drone  
  51  4:48  Drone  
  51  4:52  Drone x2  
  54  4:54  Drone  
  54  4:55  Drone  
  54  4:57  Drone  
  54  4:58  Drone  
  57  5:00  Drone  
  57  5:06  Roach Warren  
  57  5:07  Drone  
  57  5:10  Zerg Missile Weapons Level 1  
  57  5:11  Drone  
  57  5:12  Drone  
  60  5:15  Extractor  
  60  5:16  Drone x2  
  60  5:18  Drone  
  60  5:20  Drone  
  63  5:22  Drone x2  
  63  5:24  Drone  
  63  5:27  Overlord  
  66  5:32  Spire  
  66  5:34  Drone  
  66  5:36  Extractor  
  66  5:39  Overlord  
  65  5:45  Roach x4, Glial Reconstitution  
  65  5:48  Overlord  
  73  5:51  Extractor  
  73  5:55  Roach  
  73  5:56  Overlord  
  74  6:00  Drone  
  74  6:02  Roach  
  74  6:04  Overlord x2  
  77  6:08  Roach x2  
  81  6:14  Overlord  
  81  6:18  Roach x4  
  89  6:24  Roach x3  
  95  6:25  Overlord  
  95  6:43  Mutalisk x8  
  111  6:49  Drone x2  
  111  6:53  Hydralisk Den  
  112  6:57  Drone x2, Hatchery  
  112  6:59  Drone x2  
  112  7:01  Drone  
  116  7:02  Drone  
  116  7:04  Drone  
  114  7:10  Zerg Missile Weapons Level 2  
  114  7:12  Drone x2  
  114  7:15  Drone x2  
  118  7:18  Mutalisk x2  
  118  7:19  Extractor  
  121  7:24  Lurker Den  
  121  7:26  Drone x2  
  121  7:27  Overlord  
  121  7:29  Overlord  
  122  7:33  Overlord  
  122  7:36  Overlord  
  122  7:43  Overseer  
  120  7:52  Roach x10  
  140  7:59  Overlord  
  140  8:06  Hydralisk x4  
  140  8:07  Hydralisk x2  
  152  8:13  Overlord x2  
  152  8:14  Hydralisk x2  
  152  8:17  Overlord  
  156  8:23  Roach x3  
  156  8:27  Overlord  
  162  8:28  Roach x2  
  164  8:34  Roach x2  
  164  8:35  Roach x2  
  164  8:38  Overlord  
  172  8:42  Roach x3  
  172  8:45  Overlord  
  176  8:51  Lurker x3  
  176  8:52  Roach x2  
  176  8:53  Roach  
  183  8:58  Overlord  
  183  8:59  Roach x3  
  183  9:11  Roach x3  
  183  9:12  Roach  
  183  9:16  Roach x4  
  183  9:20  Overlord  
  183  9:23  Hydralisk  
  161  9:32  Roach x2  
  161  9:36  Roach  
  145  9:41  Roach x2  
  131  9:46  Roach  
  131  9:53  Roach x2  
  131  9:58  Lurker  
  130  10:01  Hatchery, Lurker  
  130  10:02  Roach  
  130  10:03  Roach x2  
  130  10:04  Muscular Augments  
  130  10:05  Lurker  
  130  10:06  Lurker x2  
  139  10:10  Hydralisk x2  
  139  10:11  Hydralisk x5  
  139  10:13  Roach  
  155  10:18  Roach x3  
  161  10:26  Roach x4  
  169  10:36  Roach  
  169  10:41  Roach x3  
  169  10:42  Roach x6  
  185  10:47  Overlord  
  185  10:48  Ravager  
  182  10:57  Roach x2  
  182  11:02  Overlord  
  182  11:03  Roach  
  183  11:12  Roach x5  
  183  11:14  Overlord  
  193  11:20  Overlord  
  193  11:22  Roach  
  187  11:30  Roach x7  
  186  11:34  Roach  
  186  11:35  Roach x6  
  198  11:42  Roach x2  
  192  11:49  Roach  
  192  11:50  Roach x5  
  187  11:59  Roach x4  
  159  12:05  Roach x2  
  135  12:14  Ravager x5  
  140  12:17  Roach x4  
  140  12:18  Overseer  
  145  12:26  Roach x4  
  153  12:30  Overseer  
  153  12:31  Pneumatized Carapace  
  153  12:38  Overlord  
  153  12:40  Ravager  
  154  12:45  Extractor  
  154  12:47  Drone  
  154  12:48  Drone x2  
  156  12:54  Hydralisk x3  
  156  12:55  Hatchery  
  143  13:00  Roach x3  
  140  13:07  Roach  
  140  13:08  Roach x3  
  148  13:18  Drone x2  
  150  13:22  Hydralisk x4  
  141  13:28  Hydralisk x3  
  141  13:31  Ravager  
  150  13:34  Roach x3  
  140  13:49  Roach x7  
  140  13:55  Roach x3  
  148  14:00  Roach x3  
Show
View Real Time Build Order
Export as new Build Order

Serral Zerg - Winner!

Build Orders: Pool First, Lurkers 

Get SALT Encoding   

  12  0:17  Spawning Pool  
  11  0:22  Drone  
  11  0:27  Drone  
  13  0:33  Drone  
  14  0:40  Overlord  
  14  1:03  Zergling x2  
  14  1:04  Zergling x2  
  16  1:05  Zergling x2  
  17  1:15  Zergling x2  
  18  1:20  Hatchery  
  17  1:26  Zergling x2  
  18  1:34  Queen  
  20  1:40  Drone  
  21  1:48  Overlord  
  21  2:00  Drone  
  22  2:10  Drone  
  23  2:17  Queen  
  23  2:21  Drone  
  23  2:31  Drone  
  23  2:36  Drone  
  24  2:40  Queen  
  24  2:42  Drone  
  24  2:43  Drone  
  27  2:48  Drone x3  
  30  2:54  Queen  
  32  2:59  Overlord  
  32  3:05  Drone x2  
  34  3:07  Drone  
  34  3:12  Extractor x2  
  33  3:15  Drone  
  33  3:16  Drone  
  35  3:26  Drone x2  
  37  3:29  Drone x2  
  39  3:35  Drone  
  39  3:38  Overlord  
  40  3:43  Drone  
  40  3:44  Evolution Chamber  
  40  3:47  Overlord  
  40  3:49  Drone x3  
  40  3:52  Drone  
  44  3:56  Extractor  
  44  4:02  Roach Warren, Overlord  
  42  4:09  Drone x2  
  44  4:10  Zerg Missile Weapons Level 1  
  44  4:13  Drone  
  44  4:14  Drone  
  44  4:16  Drone  
  47  4:19  Drone  
  48  4:26  Lair  
  48  4:28  Drone  
  48  4:29  Drone  
  48  4:31  Drone  
  51  4:34  Drone  
  51  4:40  Drone x2  
  53  4:50  Overlord  
  53  4:54  Hatchery  
  53  4:56  Roach  
  54  5:03  Roach x3  
  60  5:10  Overlord  
  60  5:12  Roach  
  60  5:13  Drone x3  
  65  5:16  Extractor  
  65  5:19  Overlord  
  65  5:20  Drone  
  65  5:23  Glial Reconstitution  
  65  5:24  Overseer  
  65  5:26  Drone  
  66  5:31  Ravager x3  
  66  5:32  Ravager  
  66  5:33  Drone x2  
  72  5:36  Overlord  
  72  5:38  Drone  
  72  5:40  Drone  
  72  5:41  Drone  
  75  5:48  Roach x2  
  79  5:55  Drone x2, Overlord  
  79  5:56  Roach  
  83  6:02  Overlord  
  83  6:05  Roach  
  83  6:06  Roach x2  
  83  6:08  Drone  
  83  6:09  Drone  
  91  6:13  Zerg Missile Weapons Level 2  
  91  6:18  Extractor x2  
  90  6:19  Drone x3  
  90  6:25  Overlord  
  92  6:28  Roach x2  
  92  6:29  Overlord  
  92  6:31  Drone  
  92  6:32  Overlord  
  97  6:40  Roach x3  
  97  6:45  Overlord  
  97  6:46  Drone x5  
  108  6:51  Drone x2  
  108  6:52  Hydralisk Den  
  109  6:56  Roach x2  
  109  7:00  Roach x2  
  117  7:06  Roach x3  
  123  7:12  Drone  
  123  7:15  Spore Crawler x2  
  122  7:17  Spore Crawler  
  122  7:22  Hydralisk  
  121  7:23  Hydralisk x4  
  121  7:27  Muscular Augments  
  131  7:31  Overlord x2  
  131  7:34  Hydralisk  
  131  7:36  Hydralisk  
  133  7:39  Hydralisk  
  137  7:46  Overlord x2  
  135  7:52  Hydralisk x2, Drone x2  
  135  7:53  Hydralisk  
  143  8:01  Hydralisk x2  
  143  8:02  Hydralisk  
  149  8:07  Overlord  
  149  8:09  Hydralisk  
  149  8:10  Roach x2  
  155  8:14  Overlord  
  155  8:15  Hydralisk  
  155  8:16  Roach  
  159  8:25  Roach x4  
  167  8:36  Roach x3  
  173  8:45  Roach  
  173  8:46  Roach x5  
  177  8:51  Roach  
  177  8:52  Roach x3  
  181  8:56  Overlord  
  181  8:57  Zerg Ground Armor Level 1  
  181  8:58  Hydralisk x2  
  181  9:02  Ravager  
  184  9:06  Roach x2  
  180  9:13  Roach x3  
  186  9:19  Roach x3  
  192  9:26  Lurker Den  
  192  9:29  Roach x2  
  177  9:33  Hatchery  
  177  9:37  Roach  
  177  9:38  Roach x5  
  150  9:52  Hydralisk x3  
  144  9:53  Pneumatized Carapace  
  144  9:54  Overseer x3  
  144  9:57  Overseer  
  144  9:58  Roach x4  
  158  10:00  Drone x2  
  158  10:03  Drone  
  159  10:14  Overlord  
  159  10:16  Hydralisk  
  159  10:17  Roach x4  
  169  10:23  Drone  
  169  10:24  Drone x3  
  169  10:26  Extractor  
  172  10:31  Hydralisk x2  
  172  10:32  Hydralisk, Roach  
  180  10:45  Overlord  
  180  10:47  Hydralisk  
  180  10:48  Hydralisk x2  
  186  11:03  Hydralisk x2  
  186  11:04  Hydralisk  
  178  11:05  Lurker x2  
  178  11:06  Lurker  
  178  11:10  Roach Warren  
  184  11:11  Roach x8  
  198  11:21  Overseer  
  196  11:32  Hydralisk x2  
  198  11:37  Overlord  
  193  11:40  Overlord  
  193  11:42  Overlord  
  193  11:46  Overlord  
  182  11:51  Roach x12  
  191  11:58  Roach x5  
  191  12:00  Roach x2  
  175  12:07  Drone  
  142  12:11  Lurker x5  
  145  12:22  Drone x5  
  150  12:23  Hydralisk x3  
  150  12:24  Roach  
  158  12:32  Ravager x2  
  158  12:34  Ravager x2  
  158  12:35  Ravager  
  158  12:36  Roach x5  
  155  12:58  Roach x2  
  155  12:59  Roach x9  
  155  13:04  Roach  
  155  13:05  Roach x3  
  173  13:12  Hydralisk x4  
  181  13:23  Infestation Pit  
  180  13:28  Hydralisk x3  
  180  13:29  Roach x3  
  192  13:42  Roach x5  
  183  13:59  Roach x6  
  183  14:00  Roach x4  
  193  14:09  Lurker x2  
  180  14:17  Hatchery  
Tags
 
Add a new tag
Caveats
  • Supply blocks, unpowered buildings, or Contaminate may cause inaccurate times.
  • Supply counts are checked every 10 seconds.